 Dungeon Crawl Stone Soup version 0.29-a0-284-gf9362112df (webtiles) character file.

Game seed: 9050384398026834672

10138 bande the Cleaver (level 11, -3/67 HPs)
             Began as a Gargoyle Fighter on Mar 30, 2022.
             Was the Champion of Okawaru.
             Slain by a deep troll (7 damage)
             ... on level 1 of the Lair of Beasts.
             The game lasted 00:23:34 (13223 turns).

bande the Cleaver (Gargoyle Fighter)               Turns: 13223, Time: 00:23:35

Health: -3/67      AC: 24    Str: 19    XL:     11   Next: 57%
Magic:  0/15       EV:  5    Int: 10    God:    Okawaru [******]
Gold:   562        SH: 21    Dex: 13    Spells: 10/10 levels left

rFire   . . .      SeeInvis .   a - +1 war axe (spect)
rCold   + . .      Faith    .   C - +2 kite shield
rNeg    + . .      Spirit   +   b - +0 plate armour
rPois   ∞          Reflect  .   m - +0 helmet
rElec   +          Harm     .   (no cloak)
rCorr   .          Rampage  .   (no gloves)
Will    .....                   v - +0 pair of boots
Stlth   ..........              j - brooch of Shielding {Spirit SH+8}
HPRegen 0.21/turn               (no ring)
MPRegen 0.14/turn               (no ring)

@: flying
A: sickness immunity, AC +8, negative energy resistance 1, electricity
resistance, torment resistance 1, petrification resistance, big wings, cold
resistance 1, low MP 1
a: Renounce Religion, Heroism, Finesse, Duel


You were on level 1 of the Lair of Beasts.
You worshipped Okawaru.
Okawaru was exalted by your worship.
You visited 3 branches of the dungeon, and saw 13 of its levels.

You collected 692 gold pieces.
You spent 130 gold pieces at shops.

Inventory:

Hand Weapons
 a - a +1 spectral war axe (weapon)
 p - a +0 flail of venom
 t - a +0 war axe
Armour
 b - a +0 plate armour (worn)
 m - a +0 helmet (worn)
 v - a +0 pair of boots (worn)
 C - a +2 kite shield (worn)
Jewellery
 c - a ring of fire
 j - the brooch of Shielding (around neck) {Spirit SH+8}
   (You found it on level 3 of the Dungeon)

   [amulet of guardian spirit]

   It causes incoming damage to be divided between your reserves of health and
   magic.
   SH:        It affects your SH (+8).
 o - an amulet of regeneration
 z - an amulet of faith
Wands
 B - a wand of iceblast (4)
Scrolls
 g - 2 scrolls of enchant armour
 h - 2 scrolls of amnesia
 k - a scroll of holy word
 r - 2 scrolls of magic mapping
 u - 5 scrolls of teleportation
 w - 2 scrolls of fear
 x - 4 scrolls of identify
 y - a scroll of blinking
Potions
 d - 2 potions of might
 e - 3 potions of cancellation
 f - a potion of ambrosia
 i - 4 potions of curing
 l - 2 potions of magic
 n - 2 potions of brilliance
 q - 2 potions of haste
 A - a potion of mutation


   Skills:
 + Level 7.3 Fighting
 + Level 10.4 Axes
 + Level 8.2 Armour
 + Level 9.3 Shields
 * Level 7.9 Invocations


You had 10 spell levels left.
You didn't know any spells.
Your spell library contained the following spells:

 Spells                   Type           Power      Damage    Failure   Level
 Freeze                   Ice            0%         1d3       100%        1
 Frozen Ramparts          Ice            0%         1d2       100%        3
 Portal Projectile        Hex/Tloc       0%         N/A       100%        3
 Hailstorm                Conj/Ice       0%         3d3       100%        4
 Blade Hands              Tmut           0%         N/A       100%        5
 Excruciating Wounds      Necr           0%         N/A       100%        5
 Summon Ice Beast         Ice/Summ       Unusable   N/A       N/A         4
 Summon Mana Viper        Hex/Summ       Unusable   N/A       N/A         5
 Monstrous Menagerie      Summ           Unusable   N/A       N/A         7

Dungeon Overview and Level Annotations

Branches:
Dungeon (11/15)            Temple (1/1) D:5            Lair (1/6) D:10
    Orc (0/2) D:10

Altars:
Ashenzari
Cheibriados
Dithmenos
Elyvilon
Fedhas
Gozag
Hepliaklqana
Kikubaaqudgha
Makhleb
Nemelex Xobeh
Okawaru
Qazlal
Ru
Sif Muna
Trog
Uskayaw
Vehumet
Wu Jian
Xom
Yredelemnul
Zin
The Shining One

Shops:
D:1 [   D:7 *


Innate Abilities, Weirdness & Mutations

You are immune to sickness and miasma.
Your stone body is resilient. (AC +8)
You are immune to poison.
You resist negative energy. (rN+)
You are resistant to electric shocks. (rElec)
You are resistant to unholy torment.
You are immune to petrification.
Your large and strong wings let you fly.
Your flesh is cold resistant. (rC+)
Your magical capacity is low. (-10% MP)


Message History

* * * LOW HITPOINT WARNING * * *
You block the deep troll's attack.
The deep troll claws you but does no damage.
You slash the deep troll!
The deep troll is heavily wounded.
You block the deep troll's attack. x2
The deep troll claws you but does no damage.
You feel much better. You block the deep troll's attack.
The deep troll barely misses you. You block the deep troll's attack.
You hit the deep troll.
The deep troll is heavily wounded.
The deep troll bites you but does no damage.
You block the deep troll's attack. The deep troll claws you!
You barely miss the deep troll.
The deep troll is heavily wounded.
The deep troll bites you but does no damage.
You block the deep troll's attack. The deep troll barely misses you.
You hit the deep troll but do no damage.
The deep troll is heavily wounded.
You block the deep troll's attack.
The deep troll claws you but does no damage.
You block the deep troll's attack. The deep troll barely misses you.
The deep troll claws you but does no damage. x2
You slash the deep troll!
The deep troll is heavily wounded.
You block the deep troll's attack. x2; The deep troll claws you!
You barely miss the deep troll.
The deep troll is heavily wounded.
The deep troll bites you!
* * * LOW HITPOINT WARNING * * *
You block the deep troll's attack. The deep troll closely misses you.
You barely miss the deep troll.
The deep troll is heavily wounded.
The deep troll bites you!!
* * * LOW HITPOINT WARNING * * *
The deep troll barely misses you. You block the deep troll's attack.
You barely miss the deep troll.
The deep troll is heavily wounded.
You block the deep troll's attack. The deep troll claws you!
You die...

### #.†# #.§†
#.T### #@^# ###.#
#^.## ######
#.#########..#P####
#.###P[............
#........##.###.#..
######..#.......#..
#..#.......#..
#..#..........


You could see a deep troll.

Vanquished Creatures
  2 two-headed ogres
  The ghost of pickled the Slicer, a novice KoCK of Xom (D:5)
  A deep elf pyromancer (D:10)
  A cyclops (D:8)
  A gargoyle (D:10)
  2 komodo dragons
  A troll (D:10)
  6 slime creatures (D:8)
  2 vampires
  Grum (D:9)
  2 vampire mosquitoes (D:10)
  2 steam dragons
  A water moccasin (Lair:1)
  5 orc warriors
  2 sky beasts
  An ice beast (D:7)
  An ogre (D:5)
  7 wolves
  4 centaurs
  A kobold brigand (D:8)
  4 bullfrogs
  A scorpion (D:6)
  2 necrophages
  5 wights (D:7)
  9 killer bees
  3 howler monkeys (D:10)
  6 electric eels (D:10)
  A centaur zombie (D:4)
  5 hounds
  A bullfrog zombie (D:5)
  A jelly (D:8)
  10 orc priests
  2 iguanas (D:5)
  18 orc wizards
  A scorpion zombie (D:4)
  A killer bee zombie (D:5)
  Robin (D:3)
  3 gnolls (D:4)
  7 adders
  A white imp (D:8)
  An adder zombie (D:4)
  A worm (D:3)
  5 dart slugs
  61 orcs
  5 endoplasms
  6 giant cockroaches
  14 hobgoblins
  6 jackals
  3 quokkas
  6 ball pythons
  4 bats
  5 frilled lizards
  14 goblins
  A jackal zombie (D:4)
  7 kobolds
  6 rats
271 creatures vanquished.

Vanquished Creatures (others)
  An orc wizard (D:10)
  6 orcs (D:10)
  7 plants (D:10)
14 creatures vanquished.

Grand Total: 285 creatures vanquished

Notes
Turn   | Place    | Note
-------+----------+-------------------------------------------
     0 | D:1      | bande the Gargoyle Fighter began the quest for the Orb.
     0 | D:1      | Reached XP level 1. HP: 14/14 MP: 1/1
   167 | D:1      | Found Saewe's Antique Armour Shop.
   181 | D:1      | Reached XP level 2. HP: 18/19 MP: 2/2
   875 | D:2      | Reached skill level 2 in Axes
   946 | D:2      | Reached XP level 3. HP: 17/23 MP: 3/3
  1974 | D:3      | Reached XP level 4. HP: 28/28 MP: 4/4
  1995 | D:3      | Found a faded altar of an unknown god.
  2218 | D:3      | Found the brooch of Shielding {Spirit SH+8}
  2367 | D:3      | Noticed Robin
  2378 | D:3      | Reached skill level 3 in Axes
  2402 | D:3      | Killed Robin
  2403 | D:3      | Reached XP level 5. HP: 18/33 MP: 5/5
  2984 | D:4      | Found a basalt altar of Yredelemnul.
  3213 | D:4      | Reached skill level 4 in Axes
  3213 | D:4      | Reached XP level 6. HP: 27/38 MP: 6/6
  3861 | D:4      | Identified the +0 spear "Rarey" {vamp, +Blink rPois rF+}
  4138 | D:5      | Entered Level 5 of the Dungeon
  4380 | D:5      | Reached XP level 7. HP: 36/43 MP: 5/7
  4586 | D:5      | Found a staircase to the Ecumenical Temple.
  4597 | Temple   | Entered the Ecumenical Temple
  4606 | Temple   | Reached skill level 5 in Axes
  4606 | Temple   | Reached skill level 5 in Shields
  4716 | Temple   | Became a worshipper of Warmaster Okawaru
  5274 | D:5      | Found a transporter.
  5295 | D:5      | Found a transporter.
  5299 | D:5      | Noticed pickled's ghost (novice KoCK)
  5417 | D:5      | Killed pickled's ghost
  5417 | D:5      | Reached * piety under Okawaru
  5418 | D:5      | Reached skill level 6 in Axes
  5418 | D:5      | Reached skill level 5 in Armour
  5418 | D:5      | Reached XP level 8. HP: 41/48 MP: 7/9
  6110 | D:6      | You fall into a shaft and drop 2 floors!
  6116 | D:8      | Reached ** piety under Okawaru
  6169 | D:8      | Reached skill level 5 in Fighting
  6192 | D:8      | Gained mutation: Your flesh is cold resistant. (rC+)
                  | [potion of mutation]
  6192 | D:8      | Gained mutation: Your magical capacity is low. (-10% MP)
                  | [potion of mutation]
  6192 | D:8      | Gained mutation: Your large and strong wings let you fly.
                  | [potion of mutation]
  6238 | D:8      | Reached skill level 7 in Axes
  6375 | D:7      | Reached XP level 9. HP: 54/54 MP: 10/10
  7032 | D:7      | Found Wowe's Assorted Antiques.
  7035 | D:7      | Bought a potion of heal wounds for 130 gold pieces
  7452 | D:8      | Reached *** piety under Okawaru
  7587 | D:8      | Noticed a cyclops
  7851 | D:8      | Reached skill level 8 in Axes
  7859 | D:8      | Reached skill level 5 in Invocations
  7926 | D:8      | Killed a cyclops
  7927 | D:8      | Reached XP level 10. HP: 30/60 MP: 7/12
  8138 | D:8      | Reached **** piety under Okawaru
  9131 | D:8      | Reached skill level 9 in Axes
  9525 | D:9      | Noticed a two-headed ogre
  9539 | D:9      | Killed a two-headed ogre
  9539 | D:9      | Reached ***** piety under Okawaru
  9651 | D:9      | Noticed Grum
  9672 | D:9      | Killed Grum
 10674 | D:10     | Entered Level 10 of the Dungeon
 10873 | D:10     | Reached XP level 11. HP: 44/66 MP: 8/14
 11116 | D:10     | Found a staircase to the Orcish Mines.
 11486 | D:10     | Reached skill level 10 in Axes
 11586 | D:10     | Received a gift from Okawaru
 11587 | D:10     | Noticed a two-headed ogre
 11597 | D:10     | Killed a two-headed ogre
 12030 | D:10     | Found a staircase to the Lair.
 12252 | D:10     | Reached ****** piety under Okawaru
 12583 | D:10     | Noticed a deep elf pyromancer
 12594 | D:10     | Killed a deep elf pyromancer
 13143 | Lair:1   | Entered Level 1 of the Lair of Beasts
 13198 | Lair:1   | Noticed a deep troll
 13222 | Lair:1   | HP: 3/67 [deep troll (14)]
 13223 | Lair:1   | Slain by a deep troll

Illustrated notes

Levels and vault maps discovered:
D:1:      arrival_zaba_pyramid, layout_rooms, serial_shops,
          nicolae_shop_overgrown_old_shop
D:2:      layout_basic
D:3:      layout_loops_cross, hellmonk_ecumenical_altar_lost_god,
          minmay_fractal_squares_gapless_5, uniq_robin
D:4:      layout_gridville, nicolae_yredelemnul_corpse_copse
D:5:      layout_layer_cave, minmay_temple_entry_slanted,
          gammafunk_ghost_mausoleum
D:6:      layout_gridville
D:7:      layout_rooms, serial_shops, kennysheep_mini_moat,
          kennysheep_generic_room_12
D:8:      layout_rooms, hangedman_decor_opposing, grunt_potential
D:9:      layout_basic, uniq_grum
D:10:     cheibrodos_two_vegetables, layout_basic, erik_lair_island,
          hiddenorc2_lemuel
D:11:     lemuel_slime, layout_loops_cross, hangedman_decor_peaks_small
Temple:   kilobyte_greek_temple
Lair:1:   dreamdust_cave_troll, layout_regular_city,
          chequers_serial_rivers_room_b, beast_lair_carwin_6,
          grunt_megastairs_3, uniq_gastronok

Skill      XL: |  1  2  3  4  5  6  7  8  9 10 11 |
---------------+----------------------------------+-----
Axes           | 2 3 4 6 7 8 9 10 | 10.4
Armour         | 4 5 6 7 8 |  8.2
Shields        | 4 5 6 7 8 9 |  9.3
Fighting       | 4 5 6 7 |  7.3
Invocations    | 2 3 5 7 |  7.9

Action                   |  1- 3 |  4- 6 |  7- 9 | 10-12 || total
-------------------------+-------+-------+-------+-------++-------
Melee: War axe           |   155 |   191 |   243 |   365 ||   954
  Use: Scroll            |     6 |     8 |     8 |     1 ||    23
       Potion            |       |       |     1 |     2 ||     3
 Stab: Distracted        |       |       |     2 |     4 ||     6
Armor: Scale mail        |    75 |    93 |    18 |       ||   186
       Chain mail        |       |       |    43 |       ||    43
       Plate armour      |       |       |    54 |   194 ||   248
Dodge: Dodged            |    82 |    83 |    39 |    55 ||   259
Block: Buckler           |    38 |   141 |   182 |   229 ||   590
       Kite shield       |       |       |       |    50 ||    50

Table legend: (Time is in decaauts)
 A = Elapsed time spent in this place.
 B = Non-inter-level travel time spent in this place.
 C = Inter-level travel time spent in this place.
 D = Time resting spent in this place.
 E = Time spent auto-exploring this place.
 F = Levels seen in this place.
 G = Mean time per level.
                   A        B        C        D        E       F      G
               +--------+--------+--------+--------+--------+-----+--------+
         Total |  13435 |  12987 |    448 |   2727 |   7570 |  13 | 1033.5 |
       Dungeon |  13089 |  12695 |    394 |   2727 |   7358 |  11 | 1189.9 |
        Temple |    263 |    209 |     54 |      0 |    173 |   1 |  263.0 |
          Lair |     83 |     83 |      0 |      0 |     39 |   1 |   83.0 |
               +--------+--------+--------+--------+--------+-----+--------+

Top non-repeatable levels by time:
    D:10: 2465 daAuts
     D:9: 1819 daAuts
     D:8: 1549 daAuts
     D:4: 1214 daAuts
     D:5: 1212 daAuts
     D:2: 1165 daAuts
     D:3: 1019 daAuts
     D:7: 929 daAuts
     D:1: 866 daAuts
     D:6: 838 daAuts
  Temple: 263 daAuts
  Lair:1: 83 daAuts
    D:11: 8 daAuts
